[Event "Reykjavik Open 2025"]
[Site "Reykjavik"]
[Date "2025.04.14"]
[Round "8.16"]
[White "Papadiamandis, Elliot"]
[Black "Kjartansson, Gudmundur"]
[Result "1-0"]
[Annotator "RC"]
[ECO "C45"]
[WhiteElo "2315"]
[BlackElo "2450"]
[PlyCount "75"]
[EventDate "2025.04.09"]
[EventType "swiss"]
[EventCountry "ISL"]
[SourceTitle "playchess.com"]
[Source "ChessBase"]
[SourceQuality "1"]
[TimeControl "40/5400+30:1800+30"]

1. e4 e5 2. Nf3 Nc6 3. d4 exd4 4. Nxd4 Nf6 5. Nxc6 bxc6 6. Nd2 d5 7. exd5 cxd5 8. Bb5+ Bd7 9. Bxd7+ Qxd7 10. O-O Be7 11. b3 O-O 12. Bb2 a5 13. a4 c5 14. Qf3 Rfc8 15. Rad1 Qc6 16. Rfe1 Kf8 17. Qf5 d4 18. Nc4 g6 19. Qh3 Qb7 20. Bc1 Re8 21. Bg5 Nh5 22. Bd2 Qc7 23. Qf3 Kg8 24. Re5 Ng7 25. Bf4 Qa7 26. Qc6 Rec8 27. Qf3 Bf6 28. Rd5 Ne6 29. Bd2 Bd8 30. Re1 Bc7 31. h4 Rd8 32. h5 Rxd5 33. Qxd5 Rd8 34. Qc6 Nf8 35. Bh6 Nd7 36. Re7 Qb8 37. Rxd7 Re8 38. Qxc7 1-0

[Event "Reykjavik Open 2025"]
[Site "Reykjavik"]
[Date "2025.04.14"]
[Round "8.17"]
[White "Hagner, Bennet"]
[Black "Pipiras, Filipa Fortuna"]
[Result "0-1"]
[Annotator "RC"]
[ECO "A20"]
[WhiteElo "2430"]
[BlackElo "2195"]
[PlyCount "68"]
[EventDate "2025.04.09"]
[EventType "swiss"]
[EventCountry "ISL"]
[SourceTitle "playchess.com"]
[Source "ChessBase"]
[SourceQuality "1"]
[TimeControl "40/5400+30:1800+30"]

1. c4 e5 2. d3 Nf6 3. Nf3 Nc6 4. a3 d5 5. cxd5 Nxd5 6. e3 g6 7. b4 Bg7 8. Bb2 a6 9. Nbd2 O-O 10. Qc2 Qe7 11. Be2 Be6 12. O-O Rad8 13. Rac1 Nb6 14. Rfe1 f5 15. Bf1 g5 16. Qc5 Qf6 17. h3 Na4 18. Qc2 Nxb2 19. Qxb2 h5 20. g3 g4 21. Nh4 Qf7 22. hxg4 hxg4 23. b5 Nb8 24. bxa6 bxa6 25. Rc2 Bf6 26. Rec1 c6 27. Ng2 Rd7 28. Nc4 Qh5 29. Nh4 f4 30. Qb1 Rh7 31. exf4 exf4 32. Bg2 f3 33. Re1 Bd5 34. Qc1 fxg2 0-1

[Event "Reykjavik Open 2025"]
[Site "Reykjavik"]
[Date "2025.04.14"]
[Round "8.18"]
[White "Frayna, Janelle Mae"]
[Black "Stefansson, Hannes"]
[Result "0-1"]
[Annotator "RC"]
[ECO "B43"]
[WhiteElo "2311"]
[BlackElo "2420"]
[PlyCount "78"]
[EventDate "2025.04.09"]
[EventType "swiss"]
[EventCountry "ISL"]
[SourceTitle "playchess.com"]
[Source "ChessBase"]
[SourceQuality "1"]
[TimeControl "40/5400+30:1800+30"]

1. e4 c5 2. Nc3 e6 3. Nf3 a6 4. g3 b5 5. Bg2 Bb7 6. d4 cxd4 7. Nxd4 Nf6 8. O-O b4 9. Na4 Bxe4 10. Bxe4 Nxe4 11. c4 Nc5 12. a3 Nxa4 13. Qxa4 Qb6 14. Nb5 Nc6 15. Be3 Qb7 16. axb4 Be7 17. Nd4 Nxb4 18. Bd2 O-O 19. Bxb4 Bxb4 20. Rfd1 Be7 21. Nc2 Rfd8 22. b4 h5 23. h4 Bf6 24. Ra3 Qe4 25. c5 Rac8 26. Ne3 Rc6 27. Rad3 Rb8 28. Rb3 Be7 29. Qa3 d6 30. b5 axb5 31. cxd6 Bf8 32. Qa7 Rcc8 33. d7 Rd8 34. Qxb8 Rxb8 35. d8=Q Rxd8 36. Rxd8 b4 37. Rc8 g6 38. Kf1 Qb7 39. Rc1 Qh1+ 0-1

[Event "Reykjavik Open 2025"]
[Site "Reykjavik"]
[Date "2025.04.14"]
[Round "8.19"]
[White "Kirk, Ezra"]
[Black "Shafer, Logan C"]
[Result "1/2-1/2"]
[Annotator "RC"]
[ECO "B52"]
[WhiteElo "2394"]
[BlackElo "2193"]
[PlyCount "59"]
[EventDate "2025.04.09"]
[EventType "swiss"]
[EventCountry "ISL"]
[SourceTitle "playchess.com"]
[Source "ChessBase"]
[SourceQuality "1"]
[TimeControl "40/5400+30:1800+30"]

1. e4 c5 2. Nf3 d6 3. Bb5+ Bd7 4. Bxd7+ Qxd7 5. O-O Nf6 6. Qe2 Nc6 7. c3 e6 8. d4 cxd4 9. cxd4 d5 10. e5 Ne4 11. Nbd2 Nxd2 12. Bxd2 Be7 13. h4 O-O 14. Rfe1 Rfc8 15. a3 h6 16. Qd3 Qd8 17. g4 a5 18. Kg2 Bf8 19. Re2 a4 20. g5 Ne7 21. gxh6 gxh6 22. Rg1 Nf5 23. Kh3+ Kh8 24. Ree1 Qb6 25. Bc3 Be7 26. Rg4 Rg8 27. Reg1 Rxg4 28. Rxg4 Rg8 29. Rxg8+ Kxg8 30. h5 1/2-1/2

[Event "Reykjavik Open 2025"]
[Site "Reykjavik"]
[Date "2025.04.14"]
[Round "8.20"]
[White "George Samir, David"]
[Black "Terrieux, Kevin"]
[Result "1-0"]
[Annotator "RC"]
[ECO "B60"]
[WhiteElo "2303"]
[BlackElo "2394"]
[PlyCount "141"]
[EventDate "2025.04.09"]
[EventType "swiss"]
[EventCountry "ISL"]
[SourceTitle "playchess.com"]
[Source "ChessBase"]
[SourceQuality "1"]
[TimeControl "40/5400+30:1800+30"]

1. e4 c5 2. Nf3 d6 3. d4 cxd4 4. Nxd4 Nf6 5. Nc3 Nc6 6. Bg5 g6 7. Bxf6 exf6 8. Bc4 Bg7 9. Qd2 O-O 10. O-O-O f5 11. Ndb5 a6 12. Nxd6 Nd4 13. f4 fxe4 14. Ncxe4 Qc7 15. Qf2 Nf5 16. Bb3 Nxd6 17. Nxd6 Bg4 18. Rd3 Rad8 19. Qd2 Bf6 20. f5 Bxf5 21. Nxf5 gxf5 22. Bd5 Rfe8 23. Rd1 Kh8 24. c3 b5 25. Qh6 Bg7 26. Qh5 b4 27. c4 Rxd5 28. Rxd5 Qxc4+ 29. Kb1 Qe4+ 30. R5d3 Qxg2 31. R3d2 Qe4+ 32. Rc2 f4 33. Qxf7 f3 34. Qd5 Qe3 35. Rf1 Bh6 36. Qd1 a5 37. Rcf2 Qe4+ 38. Ka1 a4 39. Qxf3 Qe5 40. Qf6+ Qxf6 41. Rxf6 Bg7 42. Rb6 a3 43. Rxb4 Bxb2+ 44. Kb1 Rc8 45. Rb7 h6 46. h4 Kg8 47. h5 Rc5 48. Rd1 Rc8 49. Rxb2 axb2 50. Rd5 Rb8 51. Rf5 Kg7 52. a4 Rb4 53. a5 Rb3 54. Rc5 Kf6 55. Rc6+ Kg5 56. Rb6 Ra3 57. Rb5+ Kf6 58. Kxb2 Ra4 59. Kb3 Ra1 60. Kc4 Ke7 61. Kc5 Kd7 62. Kb6 Kc8 63. Rc5+ Kb8 64. Rc6 Rb1+ 65. Ka6 Rh1 66. Rxh6 Rh2 67. Rb6+ Kc7 68. h6 Rh1 69. Ka7 Rh2 70. a6 Rh1 71. Rb7+ 1-0

[Event "Reykjavik Open 2025"]
[Site "Reykjavik"]
[Date "2025.04.14"]
[Round "8.21"]
[White "Sriansh Das"]
[Black "Thorfinnsson, Bjorn"]
[Result "1-0"]
[Annotator "RC"]
[ECO "C24"]
[WhiteElo "2278"]
[BlackElo "2386"]
[PlyCount "121"]
[EventDate "2025.04.09"]
[EventType "swiss"]
[EventCountry "ISL"]
[SourceTitle "playchess.com"]
[Source "ChessBase"]
[SourceQuality "1"]
[TimeControl "40/5400+30:1800+30"]

1. e4 e5 2. Nf3 Nc6 3. Bc4 Nf6 4. d3 d5 5. exd5 Nxd5 6. O-O Bg4 7. Re1 Qd6 8. Nbd2 O-O-O 9. h3 Bh5 10. Ne4 Qe7 11. c3 f6 12. Ng3 Bf7 13. Qc2 Qd7 14. a4 Nf4 15. Bxf7 Qxf7 16. d4 Qg6 17. Re4 h5 18. Bxf4 exf4 19. Nf1 Bd6 20. Rae1 Qh7 21. Qb3 Qg8 22. Qxg8 Rhxg8 23. Nh4 g6 24. Nd2 Rg7 25. Nc4 Bf8 26. Re6 g5 27. Nf5 Rf7 28. g4 Kd7 29. Kg2 Ne7 30. Nxe7 Bxe7 31. Na5 Rb8 32. Kf3 hxg4+ 33. hxg4 c6 34. R6e2 Bd8 35. Nb3 b6 36. Re8 Rh7 37. Rg8 Rb7 38. a5 Be7 39. a6 Rc7 40. Rb8 Bd8 41. d5 Rh3+ 42. Kg2 Rd3 43. dxc6+ Rxc6 44. Nd4 f3+ 45. Nxf3 Rd5 46. Nd4 Rc8 47. Rb7+ Rc7 48. Rh1 Kc8 49. Rh7 Rdd7 50. Rxd7 Kxd7 51. Rxc7+ Bxc7 52. Kf3 Bb8 53. Ke4 Kd6 54. b4 b5 55. Nxb5+ Kc6 56. Nd4+ Kb6 57. b5 Be5 58. c4 Bd6 59. Kd5 Bb4 60. Nf5 Ba3 61. Nd6 1-0

[Event "Reykjavik Open 2025"]
[Site "Reykjavik"]
[Date "2025.04.14"]
[Round "8.22"]
[White "Adams, Henry"]
[Black "Thorfinnsson, Bragi"]
[Result "0-1"]
[Annotator "RC"]
[ECO "A62"]
[WhiteElo "2077"]
[BlackElo "2375"]
[PlyCount "62"]
[EventDate "2025.04.09"]
[EventType "swiss"]
[EventCountry "ISL"]
[SourceTitle "playchess.com"]
[Source "ChessBase"]
[SourceQuality "1"]
[TimeControl "40/5400+30:1800+30"]

1. d4 Nf6 2. c4 e6 3. g3 c5 4. d5 exd5 5. cxd5 d6 6. Bg2 g6 7. Nc3 Bg7 8. Nf3 O-O 9. O-O Na6 10. Bf4 Nc7 11. e4 Nh5 12. Bg5 f6 13. Be3 b5 14. h3 b4 15. Ne2 Bh8 16. g4 Ng7 17. e5 fxe5 18. Nxe5 Nf5 19. gxf5 Bxe5 20. fxg6 hxg6 21. Qd2 Qh4 22. Bg5 Qh8 23. Bh6 Rf7 24. Qg5 Qf6 25. Qxf6 Bxf6 26. Bf4 Ne8 27. Ng3 Bxb2 28. Rfe1 Bd7 29. Rab1 Bd4 30. Re4 a5 31. Ne2 Bf5 0-1

[Event "Reykjavik Open 2025"]
[Site "Reykjavik"]
[Date "2025.04.14"]
[Round "8.23"]
[White "Gorshtein, Ido"]
[Black "Nayak Rajesh"]
[Result "1-0"]
[Annotator "TA"]
[ECO "E04"]
[WhiteElo "2557"]
[BlackElo "2277"]
[PlyCount "71"]
[EventDate "2025.04.09"]
[EventType "swiss"]
[EventCountry "ISL"]
[SourceTitle "playchess.com"]
[Source "ChessBase"]
[SourceQuality "1"]
[TimeControl "40/5400+30:1800+30"]

1. d4 Nf6 2. c4 e6 3. Nf3 d5 4. g3 dxc4 5. Bg2 c6 6. a4 {[%emt 0:01:13] E04: Open Catalan: 5 Nf3.} Bb4+ 7. Nc3 c5 8. O-O {[%emt 0:00:50] The position is equal.} Nc6 9. dxc5 Qxd1 (9... O-O $11) 10. Nxd1 $146 ({White should try} 10. Rxd1 $14 Bxc5 11. a5) (10. Rxd1 Bxc5 11. Bf4 a6 12. Ne5 Na5 13. Bg5 Nd7 14. Ne4 Bb4 15. Nxd7 Bxd7 16. Nd6+ Bxd6 17. Rxd6 {0-1 Zlatin,A (2327)-Karttunen,M (2485) Titled Tuesday intern op 07th Sept blitz 2021 (8)}) 10... Ne4 11. Ne3 (11. Ne5 $5 Nxe5 12. Bxe4 $14) 11... c3 12. Nc4 Bxc5 13. e3 {[%emt 0:11:01][%cal Of3d4] White sacrificed a pawn} Bb4 14. bxc3 Nxc3 15. a5 Rb8 16. Ba3 Bxa3 17. Rxa3 Nb5 18. Rb3 a6 19. Ng5 Bd7 20. Rd1 {[%emt 0:01:38] and Rbd3 would now be decisive} f6 {[%emt 0:03:00] [#]} 21. Rbd3 $1 {[%emt 0:04:03] White has strong rooks and is better Repels e5. White is much more active. The black rooks are passive.} fxg5 ({Don't blunder} 21... Rd8 $2 22. Bxc6 (22. Nf7 Kxf7 23. Rxd7+ Rxd7 $18) 22... bxc6 23. Nxe6 $18) 22. Rxd7 O-O 23. Bh3 {[%emt 0:05:31] Dodges Rf5} (23. Bxc6 $16 bxc6 24. Re7) 23... Rf6 24. R1d3 Rc8 $2 {[%emt 0:03:19] Black cannot hold the game after this.} (24... h5 $11) 25. Rxb7 $18 Nb4 $2 (25... Nd8 {was necessary.} 26. Rb6 Rf8) 26. Rdd7 h5 (26... Kf8 $142 27. Bg2 h5) 27. Rxg7+ Kf8 {[%emt 0:00:07] [#]} 28. Rh7 $1 Kg8 {[%emt 0:00:10] Against Rh8+} 29. Bf1 Rc5 30. Rhg7+ Kf8 31. Rgd7 Kg8 32. Nd2 Rd5 33. Ne4 Rff5 34. Rb8+ {[%emt 0:00:16] White mates.} Rf8 35. Nf6+ Kh8 36. Rh7# {[%emt 0:00:11] Weighted Error Value: White=0.42/Black=0.95  Loses game:     	---       	Black=1      Mistake:       	White=2     	Black=3      Inaccurate:     	White=2     	Black=4      OK:         	White=5     	Black=5      Best:        	White=5     	Black=1      Strong:       	White=1     	---} 1-0

[Event "Reykjavik Open 2025"]
[Site "Reykjavik"]
[Date "2025.04.14"]
[Round "8.24"]
[White "Adhiban, B.."]
[Black "Priansh Das"]
[Result "0-1"]
[Annotator "TA"]
[ECO "C42"]
[WhiteElo "2554"]
[BlackElo "2262"]
[PlyCount "52"]
[EventDate "2025.04.09"]
[EventType "swiss"]
[EventCountry "ISL"]
[SourceTitle "playchess.com"]
[Source "ChessBase"]
[SourceQuality "1"]
[TimeControl "40/5400+30:1800+30"]

1. e4 e5 2. Nf3 Nf6 3. Nxe5 d6 4. Nf3 Nxe4 5. Nc3 Nxc3 6. dxc3 Be7 7. Bf4 Nd7 8. Qd2 O-O {[%emt 0:00:38] C42: Petroff Defence: 3 Nxe5 and unusual White 3rd moves.} 9. O-O-O Re8 10. h4 Nf6 {[%emt 0:03:25] The position is equal. Recently 10...h6 got a lot of attention.} 11. Bd3 {[%emt 0:11:36] Repels Ne4} d5 12. Ng5 (12. h5 $11) 12... h6 $15 13. f3 {[%emt 0:05:00][%cal Og2g4] [#]} Nh5 $146 (13... hxg5 $2 14. hxg5 $18) (13... c5 14. g4 c4 15. Bf1 Qa5 16. Kb1 b5 17. a3 d4 18. Qxd4 Rd8 {0-1 Plotnikov,P (2297)-Paravyan,D (2599) Titled Tuesday intern op 05th Sep Late blitz 2023 (1)}) 14. Be3 Ng3 $17 (14... hxg5 15. hxg5 Ng3 16. Bh7+ Kf8 17. Be4 Nxh1 (17... dxe4 18. Rh8#) 18. Rxh1 $19) 15. Rh2 (15. Bh7+ $17 Kf8 16. Bd3) 15... Bd6 $19 16. Bf4 {[%emt 0:02:52] [#]} (16. Nh3 {keeps fighting.}) 16... Ne2+ $1 17. Bxe2 Rxe2 (17... hxg5 $2 {is the wrong capture.} 18. hxg5 (18. Bxg5 f6 $17) 18... Kf8 19. Bd3 $18) 18. Qd4 (18. Qxe2 Bxf4+ 19. Kb1 Bxh2 20. Rxd5) 18... c5 {[%emt 0:00:38] Black is clearly winning.} 19. Qa4 b5 20. Qxb5 Bxf4+ 21. Kb1 Bxh2 22. Qxe2 hxg5 23. hxg5 Bf4 24. c4 Ba6 25. g6 Bxc4 26. gxf7+ Kxf7 {[%emt 0:00:12] White got outplayed after the opening.   Weighted Error Value: White=0.82/Black=0.23 (precise)   Mistake:       	White=5     	---        Inaccurate:     	White=2     	---        OK:         	White=3     	Black=5      Best:        	White=1     	Black=2      Strong:       	---       	Black=1} 0-1

[Event "Reykjavik Open 2025"]
[Site "Reykjavik"]
[Date "2025.04.14"]
[Round "8.25"]
[White "Stefansson, Vignir Vatnar"]
[Black "Kracht, Raphael"]
[Result "1-0"]
[Annotator "TA"]
[ECO "C54"]
[WhiteElo "2536"]
[BlackElo "2196"]
[PlyCount "87"]
[EventDate "2025.04.09"]
[EventType "swiss"]
[EventCountry "ISL"]
[SourceTitle "playchess.com"]
[Source "ChessBase"]
[SourceQuality "1"]
[TimeControl "40/5400+30:1800+30"]

1. e4 e5 2. Nf3 Nc6 3. Bc4 Bc5 4. c3 Nf6 5. d4 exd4 6. cxd4 Bb4+ 7. Nbd2 $1 {[%emt 0:00:05][%mdl 4] is more profitable than 7.Bd2 at the moment. C54: Giuoco Piano: 4 c3 Nf6, main lines with 5 d4 and 5 d3.} Nxe4 {[%emt 0:03:59] Threatening ...d5.} 8. d5 {[%emt 0:00:06][%cal Oe1g1] [#]} (8. O-O Nxd2 9. Bxd2 Bxd2 10. Qxd2 Ne7 11. d5) 8... Ne7 9. O-O {[%emt 0:00:09] The position is equal.} Bxd2 10. Nxd2 Nxd2 11. Bxd2 d6 12. Re1 {[%emt 0:03:25] White sacrificed a pawn} O-O 13. Rc1 Ng6 14. Bf1 Bd7 15. Qb3 c5 $146 (15... Qb8 16. h4 Nxh4 17. Qc4 Nf5 18. Qxc7 Rd8 19. Bd3 h6 20. Qc2 Nh4 21. Qc4 Bf5 22. Bxf5 Nxf5 23. Qf4 g6 24. g4 Ng7 25. Re7 Rf8 26. Qxh6 Re8 27. Bc3 {1-0 Kashlinskaya,A (2493)-Wagner,D (2440) Wroclaw POL-ROW (Women) 2025 (5.4)}) 16. Qxb7 Qc8 (16... Rb8 $11 17. Qa6 (17. Qxa7 Rxb2 18. Red1 Rb8 $11) 17... Rxb2) 17. Qb3 $14 {[%emt 0:08:48] White has more active pieces.} Rb8 18. Qg3 Rxb2 19. Bc3 Rxa2 20. Qxd6 {[%emt 0:00:57][%csl Od5][%cal Oc3d4] White has a strong passed pawn} c4 21. Ra1 (21. Qg3 $16) 21... Rxa1 $11 22. Rxa1 Qb7 {[%emt 0:01:28] Black is weak on the dark squares} (22... Rd8 $11 {remains equal.}) 23. Bxc4 $16 Bb5 24. Ba2 {[%emt 0:03:02] A strong pair of Bishops.} Rc8 25. Qb4 Qc7 26. Bb2 Qc5 27. Qd2 {[%emt 0:00:55] aiming for Rc1.} (27. Qxc5 {simplifies} Rxc5 28. Bd4 Rc7 29. g3) 27... Qd6 28. Re1 $40 {[%emt 0:05:18][%mdl 128] White attacks with force.} Bd7 (28... Nh4 $142 29. Be5 Qg6) 29. Re3 Kh8 30. g3 f6 31. Qe2 ({White should play} 31. Qa5 $16) 31... h6 32. h4 a5 33. Qh5 Ne5 {[%emt 0:00:30][%mdl 8192] [#] Loses the game.} 34. Rxe5 $1 $18 ({Weaker is} 34. Bxe5 fxe5 35. Rxe5 (35. Qxe5 Qxe5 36. Rxe5 Rc2 $11) 35... Qa3 $16) 34... fxe5 35. Bxe5 Be8 36. Qxe8+ Rxe8 37. Bxd6 Re2 38. Bc4 Re1+ 39. Kg2 a4 40. Ba3 Re4 41. Bb5 Kg8 42. d6 {[%emt 0:00:06] Intending Kf3 and mate.} Kf7 43. d7 Rd4 44. Bc5 {[%emt 0:00:14] Weighted Error Value: White=0.11 (very precise) /Black=0.83  Loses game:     	---       	Black=1      Mistake:       	White=2     	Black=3      Inaccurate:     	White=3     	Black=4      OK:         	White=12    	Black=8      Best:        	---       	Black=2      Strong:       	White=1     	---} 1-0

[Event "Reykjavik Open 2025"]
[Site "Reykjavik"]
[Date "2025.04.14"]
[Round "8.26"]
[White "Schouten, Mathias Lind"]
[Black "Zierk, Steven"]
[Result "1/2-1/2"]
[Annotator "RC"]
[ECO "D24"]
[WhiteElo "2279"]
[BlackElo "2501"]
[PlyCount "145"]
[EventDate "2025.04.09"]
[EventType "swiss"]
[EventCountry "ISL"]
[SourceTitle "playchess.com"]
[Source "ChessBase"]
[SourceQuality "1"]
[TimeControl "40/5400+30:1800+30"]

1. d4 Nf6 2. c4 e6 3. Nf3 d5 4. Nc3 dxc4 5. e4 b5 6. e5 Nd5 7. Nxb5 Nb6 8. Be2 Be7 9. O-O Nc6 10. Nc3 O-O 11. b3 cxb3 12. axb3 Bb7 13. Bd3 Nb4 14. Bb1 c5 15. Ne4 cxd4 16. Nxd4 Qd5 17. Bb2 Qxe5 18. Qe2 Qf4 19. g3 Qh6 20. h4 Rfc8 21. Nb5 Ba6 22. Rxa6 Nxa6 23. Nbd6 Bxd6 24. Nxd6 Nb4 25. Nxc8 Rxc8 26. Rd1 N4d5 27. Be4 a5 28. Ra1 Nf6 29. Bf3 Nbd5 30. Rxa5 Qg6 31. Qc4 Qb1+ 32. Kh2 Re8 33. Qe2 h6 34. b4 Rb8 35. b5 Qf5 36. Be5 Rc8 37. Bxf6 Nxf6 38. Ra8 Rxa8 39. Bxa8 Qc5 40. Kg2 Kf8 41. Bc6 g5 42. hxg5 hxg5 43. Qd2 Ke7 44. Kf1 Ng4 45. Kg2 Nf6 46. Kf1 Ng4 47. Kg1 f6 48. Bf3 Ne5 49. Be2 Qxb5 50. Bxb5 Nf3+ 51. Kg2 Nxd2 52. Bd3 e5 53. f3 Nb3 54. Kf2 Nc5 55. Bf5 Nb7 56. f4 Nd6 57. Bb1 Ke6 58. fxg5 fxg5 59. Kf3 Kd5 60. Kg4 Ne4 61. Ba2+ Kd4 62. Bf7 Nf2+ 63. Kxg5 e4 64. Bh5 e3 65. Bf3 Kd3 66. Kf5 Nh3 67. Bb7 Kd2 68. Ba6 Nf2 69. Bf1 Ke1 70. Kf4 Kxf1 71. Kxe3 Kg2 72. g4 Nxg4+ 73. Ke4 1/2-1/2

[Event "Reykjavik Open 2025"]
[Site "Reykjavik"]
[Date "2025.04.14"]
[Round "8.27"]
[White "Bailet, Pierre"]
[Black "Harish, Neeraj"]
[Result "1/2-1/2"]
[Annotator "RC"]
[ECO "D02"]
[WhiteElo "2495"]
[BlackElo "2169"]
[PlyCount "103"]
[EventDate "2025.04.09"]
[EventType "swiss"]
[EventCountry "ISL"]
[SourceTitle "playchess.com"]
[Source "ChessBase"]
[SourceQuality "1"]
[TimeControl "40/5400+30:1800+30"]

1. Nf3 Nf6 2. g3 g6 3. Bg2 Bg7 4. O-O O-O 5. d4 d5 6. c3 c6 7. Nbd2 Nbd7 8. Re1 e5 9. dxe5 Ng4 10. e4 Ndxe5 11. Nxe5 Nxe5 12. exd5 cxd5 13. Nb3 Bg4 14. Qxd5 Qxd5 15. Bxd5 Nf3+ 16. Bxf3 Bxf3 17. Be3 Rfd8 18. Bd4 a5 19. Bxg7 Kxg7 20. Nd4 Bd5 21. f3 b5 22. a3 Rab8 23. b4 Rdc8 24. Re3 Kf6 25. Kf2 h5 26. h4 Rc7 27. Rae1 axb4 28. axb4 Ra7 29. R1e2 Ra3 30. Rd2 Bc4 31. g4 Rba8 32. Kg3 Ra1 33. gxh5 gxh5 34. Kf4 Rh1 35. Nf5 Be6 36. Rd6 Rc8 37. Nd4 Rg8 38. Rexe6+ fxe6 39. Rxe6+ Kf7 40. Rb6 Rxh4+ 41. Kf5 Re8 42. Rxb5 Rh1 43. Nc6 Rc1 44. Rb7+ Kf8 45. Ne5 Rd8 46. c4 Rd4 47. c5 h4 48. Kf6 Rf4+ 49. Kg5 Rd4 50. Kf6 Rf4+ 51. Kg5 Rd4 52. Kf6 1/2-1/2

[Event "Reykjavik Open 2025"]
[Site "Reykjavik"]
[Date "2025.04.14"]
[Round "8.28"]
[White "Gislason, Gudmundur"]
[Black "Larkin, Vladyslav"]
[Result "1/2-1/2"]
[Annotator "RC"]
[ECO "D05"]
[WhiteElo "2216"]
[BlackElo "2449"]
[PlyCount "101"]
[EventDate "2025.04.09"]
[EventType "swiss"]
[EventCountry "ISL"]
[SourceTitle "playchess.com"]
[Source "ChessBase"]
[SourceQuality "1"]
[TimeControl "40/5400+30:1800+30"]

1. d4 Nf6 2. Nf3 e6 3. e3 b6 4. Bd3 Bb7 5. Qe2 c5 6. c3 Nc6 7. O-O Be7 8. a3 d5 9. b4 Qc7 10. Nbd2 O-O 11. b5 Na5 12. Bb2 Ne4 13. c4 Bf6 14. Bxe4 dxe4 15. Ne5 Bxe5 16. dxe5 Rfd8 17. Rad1 Rd3 18. f3 Rad8 19. fxe4 R8d7 20. Bd4 Rxa3 21. Nb1 Rb3 22. Bc3 h6 23. Qc2 Rxd1 24. Rxd1 Qe7 25. Bxa5 Rxe3 26. Qd2 Rxe4 27. Qd8+ Qxd8 28. Rxd8+ Kh7 29. Bc3 Re2 30. Nd2 Bxg2 31. Rd3 g5 32. h3 Kg6 33. Rg3 Bb7 34. h4 Kf5 35. hxg5 h5 36. Kf1 Rh2 37. Kg1 Rh1+ 38. Kf2 h4 39. Rg1 Rh2+ 40. Ke1 h3 41. Rf1+ Kg6 42. Rf6+ Kg7 43. Rh6 Rh1+ 44. Ke2 h2 45. Kd3 Ba8 46. Kc2 Bb7 47. Kb2 Ba8 48. Kc2 Bb7 49. Bb2 Ba8 50. Kd3 Bb7 51. Kc2 1/2-1/2

[Event "Reykjavik Open 2025"]
[Site "Reykjavik"]
[Date "2025.04.14"]
[Round "8.29"]
[White "Savidge, Daniel"]
[Black "Gunnarsson, Jon Viktor"]
[Result "0-1"]
[Annotator "RC"]
[ECO "A01"]
[WhiteElo "2180"]
[BlackElo "2439"]
[PlyCount "80"]
[EventDate "2025.04.09"]
[EventType "swiss"]
[EventCountry "ISL"]
[SourceTitle "playchess.com"]
[Source "ChessBase"]
[SourceQuality "1"]
[TimeControl "40/5400+30:1800+30"]

1. b3 Nf6 2. Bb2 g6 3. d4 Bg7 4. Nc3 d5 5. Qd2 c5 6. e3 Nc6 7. O-O-O cxd4 8. exd4 Bf5 9. Bb5 O-O 10. Bxc6 bxc6 11. f3 Nd7 12. g4 Be6 13. Nge2 f5 14. g5 f4 15. Nxf4 Bf5 16. Rhe1 e5 17. dxe5 Qxg5 18. h4 Qh6 19. e6 Ne5 20. e7 Rfe8 21. Rxe5 Bxe5 22. Ncxd5 Bxb2+ 23. Kxb2 Qg7+ 24. c3 cxd5 25. Nxd5 Rac8 26. Qg5 Rc6 27. h5 Qe5 28. h6 Qe2+ 29. Rd2 Qxf3 30. c4 Kf7 31. Qg1 Qe4 32. a4 Qe5+ 33. Ka2 a5 34. Qa7 Re6 35. Qg1 Qe4 36. Qc5 Qb1+ 37. Ka3 Qc1+ 38. Rb2 Re2 39. Qd4 Qa1+ 40. Ra2 Rxa2# 0-1

[Event "Reykjavik Open 2025"]
[Site "Reykjavik"]
[Date "2025.04.14"]
[Round "8.30"]
[White "Cramling Bellon, Anna"]
[Black "Fernandez, Kenneth"]
[Result "1-0"]
[Annotator "RC"]
[ECO "D11"]
[WhiteElo "2046"]
[BlackElo "1842"]
[PlyCount "92"]
[EventDate "2025.04.09"]
[EventType "swiss"]
[EventCountry "ISL"]
[SourceTitle "playchess.com"]
[Source "ChessBase"]
[SourceQuality "1"]
[TimeControl "40/5400+30:1800+30"]

1. d4 d5 2. c4 c6 3. Nf3 Nf6 4. e3 Bg4 5. Nc3 e6 6. h3 Bh5 7. Be2 Bxf3 8. Bxf3 g6 9. b3 Qa5 10. Bd2 Qd8 11. O-O Bg7 12. Na4 O-O 13. Rc1 Nbd7 14. cxd5 exd5 15. b4 h5 16. b5 cxb5 17. Nc3 Nb6 18. Nxb5 Qd7 19. Qb3 Nc4 20. Bb4 Rfc8 21. a4 a6 22. Na3 b5 23. a5 Rab8 24. Rfd1 Qe6 25. Nc2 Rc7 26. Ne1 Rbc8 27. Nd3 Nd7 28. Nf4 Qe8 29. Nxd5 Nf6 30. Nxc7 Rxc7 31. Be2 Qc8 32. Qa2 Nd5 33. Bc5 Rxc5 34. dxc5 Nc3 35. Rxc3 Bxc3 36. Bxc4 bxc4 37. Qxc4 Bxa5 38. Rd6 Bc7 39. Rxg6+ Kf8 40. Rxa6 Qf5 41. f4 h4 42. Ra8+ Ke7 43. Qb5 Qd5 44. Re8+ Kf6 45. Qb2+ Kg6 46. Rg8+ Kf5 1-0

[Event "Reykjavik Open 2025"]
[Site "Reykjavik"]
[Date "2025.04.14"]
[Round "8.31"]
[White "Williams, Simon K"]
[Black "Roubert, Emile"]
[Result "1-0"]
[Annotator "RC"]
[ECO "D05"]
[WhiteElo "2451"]
[BlackElo "2050"]
[PlyCount "63"]
[EventDate "2025.04.09"]
[EventType "swiss"]
[EventCountry "ISL"]
[SourceTitle "playchess.com"]
[Source "ChessBase"]
[SourceQuality "1"]
[TimeControl "40/5400+30:1800+30"]

1. d4 d5 2. Nf3 e6 3. e3 Nf6 4. Bd3 b6 5. O-O Bd6 6. Ne5 O-O 7. Nd2 Bb7 8. f4 Ne4 9. Qf3 f5 10. Kh1 Nd7 11. Qh3 Nxd2 12. Bxd2 Nxe5 13. fxe5 Be7 14. g4 g6 15. Rf3 Rf7 16. Rg1 Rg7 17. gxf5 exf5 18. Be1 Bc8 19. Qh6 Bf8 20. Bh4 Be7 21. Bg5 Be6 22. h4 Qf8 23. Bxe7 Qxe7 24. Rfg3 Rf8 25. Rg5 Bd7 26. R5g2 Be8 27. c3 Rff7 28. Qf4 Bd7 29. Be2 Kh8 30. Bf3 Be6 31. Qh6 c6 32. Rxg6 1-0